 Dungeon Crawl Stone Soup version 0.29.1-2-gbd0b4ee654 (webtiles) character file.

Game seed: 18440781349353094719

10216 Avanven the Executioner (level 11, -11/82 HPs)
             Began as a Hill Orc Fighter on Nov 17, 2022.
             Was a Priest of Okawaru.
             Mangled by a war gargoyle
             ... wielding a +1 morningstar of protection
              (20 damage)
             ... on level 10 of the Dungeon.
             The game lasted 00:19:46 (13022 turns).

Avanven the Executioner (Hill Orc Fighter)         Turns: 13022, Time: 00:19:47

Health: -11/82     AC: 17    Str: 24    XL:     11   Next: 58%
Magic:  11/11      EV:  6    Int:  8    God:    Okawaru [***...]
Gold:   513        SH:  4    Dex: 10    Spells: 10/10 levels left

rFire   . . .      SeeInvis .   d - +2 broad axe (flame)
rCold   . . .      Faith    .   c - +0 buckler
rNeg    . . .      Spirit   .   e - +0 plate armour
rPois   .          Reflect  .   (no helmet)
rElec   .          Harm     .   (no cloak)
rCorr   .          Rampage  .   i - +1 pair of gloves
Will    .....                   (no boots)
Stlth   ..........              (no amulet)
HPRegen 0.23/turn               n - +4 ring of protection
MPRegen 0.12/turn               u - ring of flight

@: flying, studying Maces & Flails
A: no striking features
a: Renounce Religion, Heroism


You were on level 10 of the Dungeon.
You worshipped Okawaru.
Okawaru was most pleased with you.
You visited 2 branches of the dungeon, and saw 11 of its levels.

You collected 513 gold pieces.

Inventory:

Hand Weapons
 a - a +2 war axe of venom
 d - a +2 broad axe of flaming (weapon)
Armour
 c - a +0 buckler (worn)
 e - a +0 plate armour (worn)
 i - a +1 pair of gloves (worn)
Jewellery
 b - an amulet of the acrobat
 h - a +6 ring of dexterity
 n - a +4 ring of protection (left hand)
 q - a ring of wizardry
 u - a ring of flight (right hand)
 A - an amulet of faith
Wands
 k - a wand of roots (6)
 v - a wand of mindburst (18)
Scrolls
 f - a scroll of fog
 g - 3 scrolls of magic mapping
 j - 2 scrolls of teleportation
 m - 3 scrolls of amnesia
 o - 3 scrolls of identify
 y - 2 scrolls of enchant armour
 z - a scroll of brand weapon
Potions
 l - 2 potions of curing
 r - 4 potions of mutation
 s - a potion of flight {unknown}
 x - a potion of resistance {unknown}


   Skills:
 - Level 3.6 Fighting
 * Level 22.2 Axes
 - Level 3.2 Armour
 - Level 3.2 Shields


You had 10 spell levels left.
You didn't know any spells.
Your spell library contained the following spells:

 Spells                   Type           Power      Damage    Failure   Level
 Apportation              Tloc           0%         N/A       100%        1
 Necrotise                Necr           0%         1d4       100%        1
 Dazzling Flash           Conj/Hex       0%         N/A       100%        3
 Inner Flame              Hex/Fire       0%         N/A       100%        3
 Vampiric Draining        Necr           0%         2d6       100%        3
 Cause Fear               Hex            0%         N/A       100%        4
 Corpse Rot               Necr/Pois/Air  0%         N/A       100%        4
 Dispel Undead            Necr           0%         3d6       100%        4
 Iskenderun's Mystic Bla  Conj/Tloc      0%         2d3       100%        4
 Agony                    Necr           0%         N/A       100%        5
 Starburst                Conj/Fire      0%         6d3       100%        6
 Discord                  Hex            0%         N/A       100%        8
 Summon Small Mammal      Summ           Unusable   N/A       N/A         1
 Summon Ice Beast         Ice/Summ       Unusable   N/A       N/A         4
 Summon Mana Viper        Hex/Summ       Unusable   N/A       N/A         5
 Death Channel            Necr           Unusable   N/A       N/A         6
 Monstrous Menagerie      Summ           Unusable   N/A       N/A         7

Dungeon Overview and Level Annotations

Branches:
Dungeon (10/15)            Temple (1/1) D:5            Lair (0/5) D:8
    Orc: D:9-12

Altars:
Ashenzari
Cheibriados
Dithmenos
Elyvilon
Fedhas
Gozag
Hepliaklqana
Kikubaaqudgha
Makhleb
Nemelex Xobeh
Okawaru
Qazlal
Ru
Sif Muna
Trog
Uskayaw
Vehumet
Wu Jian
Xom
Yredelemnul
Zin
The Shining One

Shops:
D:4 [   D:7 *


Message History

A war gargoyle comes into view.
It is wielding a +1 morningstar of protection.
Found the +4 eveningstar of the Tentacled God {vorpal, rF+}.
You fail to use your ability.
Okay, then.
As you read the scroll of identify, it crumbles to dust.
r - 4 potions of mutation You barely miss the two-headed ogre.
The two-headed ogre hits you with a +0 giant club!!
The two-headed ogre barely misses you.
You slice the two-headed ogre!! You burn the two-headed ogre.
The two-headed ogre is moderately wounded.
You slash the two-headed ogre! You burn the two-headed ogre.
The two-headed ogre is severely wounded.
The two-headed ogre hits you with a +0 giant club!
The two-headed ogre closely misses you.
You slash the two-headed ogre! You burn the two-headed ogre.
The two-headed ogre is almost dead.
You slash the two-headed ogre! You burn the two-headed ogre.
You kill the two-headed ogre!
Okawaru accepts your kill.
Your Axes skill increases to level 22!
You hit the war gargoyle but do no damage.
The war gargoyle launches metal splinters at you.
The spray of metal splinters hits you but does no damage.
You slash the war gargoyle! You burn the war gargoyle.
The war gargoyle is moderately damaged.
You block the war gargoyle's attack.
You hit the war gargoyle.
The war gargoyle is moderately damaged.
The war gargoyle hits you but does no damage.
You barely miss the war gargoyle.
The war gargoyle is moderately damaged.
The war gargoyle launches metal splinters at you.
The spray of metal splinters hits you!!
You hit the war gargoyle but do no damage.
The war gargoyle is moderately damaged.
The war gargoyle hits you with a +1 morningstar of protection!!
* * * LOW HITPOINT WARNING * * *
The war gargoyle hits you with a +1 morningstar of protection!!
You die...

##.......#
.†.))....#
##.......# .
.........### ..
##.#####(?.##
... ...#
###..#### .#.#
#### ##....#
.9...
####.#####...#..
#..@9...8...)
#######...#..
..... .#.# ...
.. .


You could see a war gargoyle (catching breath).

Vanquished Creatures
  2 two-headed ogres (D:10)
  Pikel (D:4)
  A cyclops (D:8)
  A gargoyle (D:10)
  Grinder (D:5)
  2 hornets
  A shadow (D:9)
  A wyvern (D:8)
  7 yaks (D:10)
  2 wraiths
  Eustachio (D:6)
  2 basilisks (D:8)
  Menkaure (D:5)
  6 water moccasins
  2 orc warriors
  An ice beast (D:6)
  6 black bears
  2 ogres
  2 centaurs
  A lemure (D:4)
  2 phantoms
  Blork the orc (D:5)
  2 kobold brigands
  3 bullfrogs
  2 necrophages
  6 scorpions
  A gnoll sergeant (D:6)
  4 wights (D:10)
  20 killer bees
  3 howler monkeys
  6 hounds
  4 jellies
  2 orc priests
  3 gnoll boudas
  5 iguanas
  6 orc wizards
  A mummy (D:10)
  Robin (D:3)
  13 gnolls
  4 adders
  3 white imps
  2 ufetubi (D:6)
  2 worms (D:3)
  A dart slug (D:3)
  18 orcs
  6 ball pythons
  2 bats
  7 endoplasms
  5 giant cockroaches
  12 goblins
  10 hobgoblins
  5 jackals (D:2)
  18 kobolds
  4 quokkas
  A frilled lizard (D:1)
  10 rats
238 creatures vanquished.

Vanquished Creatures (others)
  An orc (D:8)
  3 fungi (D:8)
  19 plants
23 creatures vanquished.

Grand Total: 261 creatures vanquished

Notes
Turn   | Place    | Note
-------+----------+-------------------------------------------
     0 | D:1      | Avanven the Hill Orc Fighter began the quest for the Orb.
     0 | D:1      | Reached XP level 1. HP: 19/19 MP: 1/1
   143 | D:1      | Reached skill level 3 in Axes
   345 | D:1      | Found a faded altar of an unknown god.
   526 | D:1      | Reached XP level 2. HP: 26/26 MP: 2/2
   805 | D:1      | Reached skill level 4 in Axes
  1235 | D:2      | Reached XP level 3. HP: 31/31 MP: 3/3
  1395 | D:2      | Reached skill level 5 in Axes
  1483 | D:2      | You fall into a shaft and drop 2 floors!
  1524 | D:4      | Reached XP level 4. HP: 13/39 MP: 4/4
  1911 | D:2      | Reached skill level 6 in Axes
  2592 | D:3      | Noticed Robin
  2708 | D:3      | Killed Robin
  2824 | D:3      | Reached XP level 5. HP: 45/45 MP: 5/5
  3410 | D:4      | Noticed a lemure
  3425 | D:4      | Reached skill level 7 in Axes
  3436 | D:4      | Killed a lemure
  3440 | D:4      | Noticed Pikel
  3444 | D:4      | Noticed a lemure
  3609 | D:4      | Noticed a lemure
  3609 | D:4      | Noticed a lemure
  3617 | D:4      | Killed Pikel
  3618 | D:4      | Reached skill level 10 in Axes
  3618 | D:4      | Reached XP level 6. HP: 26/51 MP: 6/6
  3618 | D:4      | Reached XP level 7. HP: 29/57 MP: 7/7
  3935 | D:4      | Found a white marble altar of Elyvilon.
  4026 | D:4      | Reached skill level 11 in Axes
  4347 | D:4      | Reached XP level 8. HP: 58/64 MP: 8/8
  4661 | D:4      | Found Nivufeut's Armour Emporium.
  4681 | D:4      | Found a radiant altar of Vehumet.
  4693 | D:4      | Reached skill level 12 in Axes
  5147 | D:5      | Entered Level 5 of the Dungeon
  5247 | D:5      | Identified the +4 chain mail "Jirghe Puuc" {+Inv Dex+2}
  5248 | D:5      | Identified the +2 leather armour of the New World {Harm}
  5299 | D:5      | Reached skill level 13 in Axes
  5342 | D:5      | Noticed Grinder
  5344 | D:5      | Paralysed by Grinder for 4 turns
  5356 | D:5      | Killed Grinder
  5451 | D:5      | Noticed Blork the orc
  5460 | D:5      | Killed Blork the orc
  5461 | D:5      | Reached skill level 14 in Axes
  5492 | D:5      | Noticed Menkaure
  5496 | D:5      | Killed Menkaure
  5497 | D:5      | Reached XP level 9. HP: 70/70 MP: 9/9
  5505 | D:5      | Found a staircase to the Ecumenical Temple.
  5950 | D:5      | Noticed a hornet
  5953 | D:5      | Reached skill level 15 in Axes
  5957 | D:5      | Killed a hornet
  6481 | D:6      | Reached skill level 16 in Axes
  7146 | D:6      | Noticed Eustachio
  7160 | D:6      | Killed Eustachio
  7612 | D:7      | Reached skill level 17 in Axes
  7672 | D:7      | Found Zucrowk's Assorted Antiques.
  7727 | D:7      | Reached XP level 10. HP: 51/77 MP: 10/10
  7945 | D:7      | Found a sacrificial altar of Ru.
  8137 | D:7      | Reached skill level 18 in Axes
  8622 | D:7      | Found an ornate altar of the Wu Jian Council.
  8626 | D:7      | Found a glowing golden altar of the Shining One.
  9449 | D:8      | Reached skill level 19 in Axes
  9511 | D:8      | Noticed a cyclops
  9822 | Temple   | Entered the Ecumenical Temple
 10051 | Temple   | Became a worshipper of Warmaster Okawaru
 10338 | D:8      | Killed a cyclops
 10363 | D:8      | Found a staircase to the Lair.
 10499 | D:8      | Identified a scroll of acquirement
 10499 | D:8      | Acquired a +0 broad axe of flaming
 10796 | D:8      | Reached * piety under Okawaru
 11300 | D:9      | Reached skill level 20 in Axes
 11686 | D:9      | Reached XP level 11. HP: 76/82 MP: 11/11
 11838 | D:9      | Found a stormy altar of Qazlal.
 11931 | D:9      | Paralysed by a hornet for 2 turns
 12184 | D:9      | Found a hide-covered altar of Uskayaw.
 12186 | D:9      | Found a shimmering blue altar of Sif Muna.
 12260 | D:10     | Entered Level 10 of the Dungeon
 12264 | D:10     | Noticed a two-headed ogre
 12272 | D:10     | Killed a two-headed ogre
 12272 | D:10     | Reached ** piety under Okawaru
 12273 | D:10     | Reached skill level 21 in Axes
 12502 | D:10     | Found a snail-covered altar of Cheibriados.
 12566 | D:10     | Reached *** piety under Okawaru
 13006 | D:10     | Noticed a two-headed ogre
 13007 | D:10     | Noticed a war gargoyle
 13017 | D:10     | Killed a two-headed ogre
 13018 | D:10     | Reached skill level 22 in Axes
 13022 | D:10     | Mangled by a war gargoyle

Illustrated notes

Levels and vault maps discovered:
D:1:      amcnicky_arrival_single_pillar, layout_basic,
          ebering_ecumenical_altar_sacrificial, st_stairs_12,
          minmay_rat_gold_closets
D:2:      minmay_door_path, layout_loops_corners
D:3:      layout_loops_ring, uniq_robin
D:4:      nicolae_cairo_tiling, layout_loops_corners, elyvilon_altar_3,
          mainiacjoe_overflow_paths, serial_shops, nicolae_shop_stone,
          minmay_misc_feat_nine_boxes, minmay_increasing_density, uniq_pikel
D:5:      nicolae_cairo_tiling_large, layout_cave_pods,
          minmay_temple_entry_butterflies, grunt_ministairs_11,
          grunt_decor_fettered, uniq_grinder, uniq_menkaure, uniq_blork_the_orc
D:6:      layout_basic, kennysheep_generic_room_6, uniq_eustachio
D:7:      layout_loops_ring, gammafunk_temple_overflow_forgotten, serial_shops,
          kennysheep_little_box, chequers_serial_rivers_micro_c
D:8:      layout_loops_corners, minmay_lair_entry_grove
D:9:      layout_cave_pools, nicolae_overflow_two_pavilions,
          nicolae_overflow_crystal_walls, kennysheep_generic_room_12
D:10:     minmay_roctagon, layout_basic, slow_altar_1
Temple:   nicolae_temple_figure_eight

Skill      XL: |  1  2  3  4  5  6  7  8  9 10 11 |
---------------+----------------------------------+-----
Axes           | 3 4 5 6 10 11 14 17 20 22 | 22.2
Fighting       | |  3.6
Armour         | |  3.2
Shields        | |  3.2

Action                   |  1- 3 |  4- 6 |  7- 9 | 10-12 || total
-------------------------+-------+-------+-------+-------++-------
Melee: War axe           |    74 |   115 |   291 |   188 ||   668
       Broad axe         |       |       |       |   154 ||   154
Invok: Heroism           |       |       |       |     3 ||     3
Evoke: Wand              |       |       |       |     2 ||     2
  Use: Scroll            |       |    10 |       |    14 ||    24
       Potion            |       |     1 |     4 |     6 ||    11
 Stab: Invisible         |       |       |       |     2 ||     2
Armor: Scale mail        |    33 |    50 |   106 |    90 ||   279
       Plate armour      |       |       |       |    62 ||    62
Dodge: Dodged            |    37 |    46 |    95 |   121 ||   299
Block: Buckler           |    11 |    23 |    56 |    53 ||   143
